 Dungeon Crawl Stone Soup version 0.28-a0-1117-g0bdd5ba030 (webtiles) character file.

Game seed: 6799214570422048506

1213 SensoryNuts the Cutter (level 8, -4/60 HPs)
             Began as a Vampire Gladiator on Dec 11, 2021.
             Was a Believer of Dithmenos.
             Slain by an ogre (18 damage)
             ... on level 6 of the Dungeon.
             The game lasted 00:09:36 (4906 turns).

SensoryNuts the Cutter (Vampire Gladiator)          Turns: 4906, Time: 00:09:36

Health: -4/60      AC:  8    Str: 15    XL:     8   Next: 22%
Magic:  8/8        EV: 12    Int: 10    God:    Dithmenos [**....]
Gold:   232        SH:  0    Dex: 22    Spells: 7/7 levels left

rFire   . . .      SeeInvis +   m - +3 dagger (elec)
rCold   . . .      Faith    .   (no shield)
rNeg    . . .      Spirit   .   s - +0 scale mail
rPois   .          Reflect  .   c - +0 helmet
rElec   .          Harm     .   (no cloak)
rCorr   .          Rampage  .   (no gloves)
Will    .....                   (no boots)
Stlth   ++........              (no amulet)
HPRegen 0.40/turn               o - +6 ring of dexterity
MPRegen 0.11/turn               (no ring)

@: healing quickly, wreathed by umbra
A: alive, fangs 3, see invisible, vampiric 2
a: Exsanguinate, Renounce Religion, Shadow Step


You were on level 6 of the Dungeon.
You worshipped Dithmenos.
Dithmenos was pleased with you.
You visited 1 branch of the dungeon, and saw 7 of its levels.

You collected 232 gold pieces.

Inventory:

Hand Weapons
 a - a +0 rapier
 f - a +0 giant spiked club
 g - a +1 dagger of venom
 m - a +3 dagger of electrocution (weapon)
Missiles
 d - 4 throwing nets
Armour
 b - a +0 leather armour
 c - a +0 helmet (worn)
 j - a +2 leather armour of cold resistance
 k - a +0 hat
 p - a +2 robe of willpower
 s - a +0 scale mail (worn)
Jewellery
 n - a ring of positive energy
 o - a +6 ring of dexterity (left hand)
Wands
 i - a wand of paralysis (9)
 l - a wand of acid (8) (quivered)
 q - a wand of flame (13)
Scrolls
 h - 5 scrolls of identify
Potions
 e - 3 potions of degeneration


   Skills:
 + Level 3.7 Fighting
 + Level 6.5 Short Blades
 + Level 1.7 Throwing
 + Level 4.4 Armour
 + Level 5.3 Dodging
 + Level 4.0 Stealth
 + Level 0.1 Evocations


You had 7 spell levels left.
You didn't know any spells.
Your spell library contained the following spells:

 Spells                   Type           Power      Damage    Failure   Level
 Magic Dart               Conj           0%         1d3       80%         1
 Searing Ray              Conj           0%         2d4       91%         2
 Ignite Poison            Fire/Tmut/Pois 0%         N/A       99%         3
 Mephitic Cloud           Conj/Pois/Air  0%         N/A       99%         3
 Fulminant Prism          Conj/Hex       0%         3d6       100%        4
 Blade Hands              Tmut           0%         N/A       100%        5
 Freezing Cloud           Conj/Ice/Air   0%         6-21      100%        5
 Irradiate                Conj/Tmut      0%         3d13      100%        5
 Dragon Form              Tmut           0%         N/A       100%        7


Dungeon Overview and Level Annotations

Branches:
Dungeon (7/15)
 Temple: D:4-7

Altars:
Dithmenos

Shops:
D:3 :   D:4 !   D:5 (


Innate Abilities, Weirdness & Mutations

Your natural rate of healing is accelerated.
You have razor-sharp teeth.
You have supernaturally acute eyesight. (SInv)
You are afflicted with vampirism and can become a bat while bloodless.


Message History

You are too injured to fight recklessly!
You are too injured to fight recklessly!
You are too injured to fight recklessly!
You are too injured to fight recklessly!
You are too injured to fight recklessly!
You are too injured to fight recklessly!
You are too injured to fight recklessly!
You are too injured to fight recklessly!
You are too injured to fight recklessly!
You are too injured to fight recklessly!
You are too injured to fight recklessly!
You are too injured to fight recklessly!
You are too injured to fight recklessly!
You are too injured to fight recklessly!
You are too injured to fight recklessly!
You are too injured to fight recklessly!
You are too injured to fight recklessly!
You are too injured to fight recklessly!
You are too injured to fight recklessly!
You are too injured to fight recklessly!
You are too injured to fight recklessly!
Unknown command.
Okay, then.
Okay, then.
An ogre is nearby!
Okay, then.
There is a stone staircase leading down here.
The ogre closely misses you.
There is an open door here.
The ogre hits you with a +0 giant club!!
You hit the ogre but do no damage.
The ogre is lightly wounded.
You hit the ogre.
The ogre is lightly wounded.
The ogre hits you with a +0 giant club!
* * * LOW HITPOINT WARNING * * *
You hit the ogre. Lightning courses through the ogre! You bite the ogre.
The ogre is severely wounded.
The ogre hits you with a +0 giant club!!
You die...

##........#........#
.#........#........#
.#........#........#
.#>.......######'###
..#####.### #...#######. #.##
#.# #........... #..# #.#
#....####### ##.## #.#
#........# ....# #.# ##@#####.#
....# #.# #O# #.# ....#
#.########.#####.#
....###.##..........##.#
###..##.##..........##[#
........##..........##.######.#
####....########'#....(.......#
........# #.#.###.########
####....# #.#.# #.........


You could see an ogre.

Vanquished Creatures
  An orc warrior (D:7)
  An ice beast (D:4)
  A necrophage (D:6)
  A black bear (D:4)
  An ogre (D:4)
  A phantom (D:5)
  Blork the orc (D:4)
  A wyvern skeleton (D:5)
  A centaur zombie (D:3)
  2 hounds (D:5)
  A bullfrog zombie (D:5)
  An orc priest (D:5)
  A bullfrog skeleton (D:3)
  Ijyb (D:3)
  Terence (D:3)
  3 iguanas
  5 orc wizards
  A hound skeleton (D:4)
  A howler monkey zombie (D:5)
  2 adders
  A white imp (D:5)
  3 dart slugs
  17 orcs
  7 bats
  7 endoplasms
  2 giant cockroaches
  5 goblins
  4 hobgoblins
  3 jackals (D:2)
  3 quokkas
  4 ball pythons
  3 frilled lizards
  6 kobolds
  4 rats
97 creatures vanquished.

Notes
Turn   | Place    | Note
-------+----------+-------------------------------------------
     0 | D:1      | SensoryNuts the Vampire Gladiator began the quest for the
                  | Orb.
     0 | D:1      | Reached XP level 1. HP: 16/16 MP: 1/1
   314 | D:1      | Reached XP level 2. HP: 22/22 MP: 2/2
   741 | D:1      | Gained mutation: You are afflicted with vampirism and can
                  | become a bat while bloodless. [Vampire growth]
   741 | D:1      | Reached XP level 3. HP: 27/27 MP: 3/3
   761 | D:1      | Found a faded altar of an unknown god.
   787 | D:1      | Prayed at the altar of an unknown god.
   787 | D:1      | Became a worshipper of Dithmenos the Shadowed
   787 | D:1      | Reached * piety under Dithmenos
  1071 | D:2      | Reached skill level 4 in Short Blades
  1074 | D:2      | Reached skill level 1 in Stealth
  1566 | D:3      | Noticed Terence
  1577 | D:3      | Killed Terence
  1578 | D:3      | Reached XP level 4. HP: 27/33 MP: 4/4
  1702 | D:3      | Found Qageq's Book Shop.
  1843 | D:3      | Reached skill level 1 in Armour
  1843 | D:3      | Reached XP level 5. HP: 37/38 MP: 5/5
  1870 | D:3      | Noticed Ijyb
  1873 | D:3      | Paralysed by Ijyb for 3 turns
  1888 | D:3      | Paralysed by Ijyb for 7 turns
  1897 | D:3      | Killed Ijyb
  2411 | D:4      | Noticed a black bear
  2552 | D:4      | Killed a black bear
  2553 | D:4      | Reached XP level 6. HP: 42/46 MP: 6/6
  2565 | D:4      | Reached skill level 5 in Short Blades
  2690 | D:4      | Found Tuteminn's Distillery.
  2710 | D:4      | Reached ** piety under Dithmenos
  2905 | D:4      | Noticed an ice beast
  2916 | D:4      | Killed an ice beast
  3119 | D:4      | Reached XP level 7. HP: 34/51 MP: 7/7
  3276 | D:4      | Noticed Blork the orc
  3281 | D:4      | Killed Blork the orc
  3507 | D:5      | Entered Level 5 of the Dungeon
  3767 | D:5      | Found Idicloll's Weapon Boutique.
  3870 | D:5      | Reached skill level 5 in Dodging
  4016 | D:5      | Reached skill level 6 in Short Blades
  4565 | D:7      | Reached XP level 8. HP: 28/60 MP: 8/8
  4906 | D:6      | Slain by an ogre

Illustrated notes

Levels and vault maps discovered:
D:1:      amcnicky_arrival_choice, layout_loops_corners,
          ebering_ecumenical_altar_abandoned
D:2:      layout_rooms
D:3:      layout_basic, serial_shops, shop, item_on_display_a, uniq_terence,
          uniq_ijyb
D:4:      layout_gridville, serial_shops, nicolae_shop_trees, uniq_blork_the_orc
D:5:      layout_basic, serial_shops, nicolae_shop_waterfront
D:6:      layout_basic
D:7:      layout_gridville, mainiacjoe_overflow_tiny_flanked, temple_statues,
          serial_shops, shop_fountains, minmay_misc_feat_secret_circle,
          uniq_prince_ribbit1

Skill      XL: |  1  2  3  4  5  6  7 |
---------------+----------------------+-----
Dodging        | 4 5 |  5.3
Fighting       | 2 3 |  3.7
Short Blades   | 4 5 6 |  6.5
Stealth        | 2 3 4 |  4.0
Armour         | 1 2 3 4 |  4.4
Throwing       | |  1.7
Evocations     | |  0.1

Action                   |  1- 3 |  4- 6 |  7- 9 || total
-------------------------+-------+-------+-------++-------
Melee: Dagger            |   112 |   122 |   119 ||   353
       Rapier            |     9 |       |       ||     9
       Bite              |    10 |    21 |    10 ||    41
Invok: Shadow Step       |       |       |     1 ||     1
Evoke: Wand              |       |       |     2 ||     2
  Use: Scroll            |       |     9 |     1 ||    10
       Potion            |       |     8 |     1 ||     9
 Stab: Sleeping          |     7 |       |       ||     7
       Paralysed         |       |       |     1 ||     1
Armor: Leather armour    |    20 |       |       ||    20
       Scale mail        |       |    54 |    23 ||    77
Dodge: Dodged            |    75 |    72 |    66 ||   213

Table legend: (Time is in decaauts)
 A = Elapsed time spent in this place.
 B = Non-inter-level travel time spent in this place.
 C = Inter-level travel time spent in this place.
 D = Time resting spent in this place.
 E = Time spent auto-exploring this place.
 F = Levels seen in this place.
 G = Mean time per level.
                   A        B        C        D        E       F      G
               +--------+--------+--------+--------+--------+-----+--------+
         Total |   4823 |   4823 |      0 |      0 |   3435 |   7 |  689.0 |
       Dungeon |   4823 |   4823 |      0 |      0 |   3435 |   7 |  689.0 |
               +--------+--------+--------+--------+--------+-----+--------+

Top non-repeatable levels by time:
     D:4: 1074 daAuts
     D:3: 957 daAuts
     D:1: 945 daAuts
     D:5: 881 daAuts
     D:2: 482 daAuts
     D:6: 424 daAuts
     D:7: 58 daAuts
